 Dungeon Crawl Stone Soup version 0.18-a0-1542-g9c1a92e (webtiles) character file.

831 Etesian the Chopper (level 7, -7/62 HPs)
             Began as a Hill Orc Fighter on Mar 10, 2016.
             Mangled by an ogre
             ... wielding a +0 giant spiked club
              (9 damage)
             ... on level 3 of the Dungeon.
             The game lasted 00:12:24 (3370 turns).

Etesian the Chopper (Hill Orc Fighter)              Turns: 3370, Time: 00:12:24

Health: -7/62      AC:  9    Str: 21    XL:     7   Next: 98%
Magic:  7/7        EV:  5    Int:  8    God:
Gold:   254        SH: 10    Dex: 10    Spells: 0 memorised, 6 levels left

rFire  . . .     SeeInvis .     a - +0 war axe
rCold  . . .     Gourm    .     k - +0 chain mail
rNeg   . . .     Faith    .     c - +0 shield
rPois  .         Spirit   .     (no helmet)
rElec  .         Dismiss  .     (no cloak)
rCorr  .         Reflect  .     (no gloves)
SustAt .         Harm     .     (no boots)
MR     .....                    (no amulet)
Stlth  ..........               (no ring)
                                i - ring of flight

@: not resistant to hostile enchantments, extremely unstealthy
A: no striking features
a: Evoke Flight


You were on level 3 of the Dungeon.
You were not hungry.

You visited 1 branch of the dungeon, and saw 4 of its levels.
You also visited: Sewer.

You collected 254 gold pieces.

Inventory:

Hand Weapons
 a - a +0 war axe (weapon)
Armour
 c - a +0 shield (worn)
 k - a +0 chain mail (worn)
Jewellery
 i - a ring of flight (left hand)
Wands
 m - a wand of digging (14/24)
Scrolls
 b - a scroll of remove curse
 e - a scroll of recharging
Potions
 d - a potion of might
 h - a potion of degeneration {unknown}
 j - a potion of curing
 o - a potion of heal wounds {unknown}
 p - a potion of agility {unknown}
Comestibles
 f - 3 bread rations
 l - a beef jerky
 n - 3 meat rations
 q - a royal jelly


   Skills:
 + Level 5.9 Fighting
 * Level 7.6 Axes
 + Level 5.3 Armour
 + Level 5.2 Shields


You had 6 spell levels left.
You didn't know any spells.

Dungeon Overview and Level Annotations

Branches:
Dungeon (4/15)
 Temple: D:4-7

Altars:

Annotations:
D:4 Dowan


Message History

The ogre hits you with a giant spiked club.
You hit the ogre.
The ogre is lightly wounded.
You block the ogre's attack.
You slash the ogre!
The ogre is severely wounded.
The ogre hits you with a giant spiked club.
You hit the ogre.
The ogre is severely wounded.
You hit the ogre.
The ogre is almost dead.
The ogre hits you with a giant spiked club!
You closely miss the ogre.
The ogre is almost dead.
The ogre hits you with a giant spiked club!!
* * * LOW HITPOINT WARNING * * *
Your chain mail prevents you from hitting the ogre.
The ogre is almost dead.
The ogre hits you with a giant spiked club!
You die...

#.....#.# ##..<.....###.#
########...# #..##.##.(# #..
#.....###(.# #.##..##.)####.
#.....# #..###.##.####...(..
#.....# #......##.# #....##
#.....###...(..##.####..#.#
#.........###.##........#.#
#.....#...##.......####...#
#.....#.#.O@.....### ##..##
#.....#.###....#..#### ##..#
#.....#.# ####.......####...
#.....#.# ####.##........
#######.# #.########.. #.# #.##
#.. #.# #..# ####..
#######.##########.####.....
######................(....(.####


You could see an ogre.

Vanquished Creatures
  The ghost of Zigma the Ruffian, an amateur DrMo (D:3)
  Purgy (Sewer)
  6 big kobolds (D:3)
  A howler monkey (D:3)
  2 gnolls (D:3)
  3 worms
  2 dart slugs (D:1)
  A giant gecko (D:3)
  4 bats
  2 giant cockroaches
  5 goblins
  8 hobgoblins
  10 jackals
  A quokka (D:2)
  5 giant newts
  53 kobolds
  9 rats
114 creatures vanquished.

Notes
Turn   | Place    | Note
--------------------------------------------------------------
     0 | D:1      | Etesian the Hill Orc Fighter began the quest for the Orb.
     0 | D:1      | Reached XP level 1. HP: 19/19 MP: 1/1
    59 | D:1      | Reached skill level 3 in Axes
    61 | D:1      | Reached XP level 2. HP: 24/27 MP: 2/2
   412 | D:1      | Reached XP level 3. HP: 24/33 MP: 3/3
   894 | D:2      | Reached skill level 4 in Axes
  1547 | D:3      | Noticed Zigma's ghost (amateur DrMo)
  1760 | D:3      | Killed Zigma's ghost
  1760 | D:3      | Reached skill level 5 in Axes
  1760 | D:3      | Reached XP level 4. HP: 2/41 MP: 4/4
  1760 | D:3      | Reached XP level 5. HP: 2/47 MP: 5/5
  1761 | D:3      | HP: 1/47 [kobold (2)]
  1856 | D:3      | Found a glowing drain.
  1864 | Sewer    | Entered a sewer
  2058 | Sewer    | Noticed Purgy
  2077 | Sewer    | Killed Purgy
  2077 | Sewer    | Reached XP level 6. HP: 26/55 MP: 6/6
  2467 | D:3      | Reached skill level 5 in Fighting
  2714 | D:3      | Reached skill level 6 in Axes
  2800 | D:3      | Reached XP level 7. HP: 37/61 MP: 7/7
  2815 | D:3      | Reached skill level 5 in Armour
  2815 | D:3      | Reached skill level 5 in Shields
  2817 | D:3      | Reached skill level 7 in Axes
  3342 | D:4      | Noticed Dowan
  3369 | D:3      | HP: 2/62 [ogre/giant spiked club (20)]
  3370 | D:3      | Mangled by an ogre

Vault maps used:
D:1:      tarquinn_simple_flora_water_b, minmay_misc_feat_ornament
D:3:      minmay_goblin_kobold_castle, lightli_sewer_entry_pipes
D:4:      uniq_duvessa, uniq_blork_the_orc
Sewer:    kennysheep_door_sewer

Skill      XL: |  1  2  3  4  5  6  7 |
---------------+----------------------+-----
Axes           | 3 5 6 7 |  7.6
Fighting       | 4 5 |  5.9
Armour         | 4 5 |  5.3
Shields        | 4 5 |  5.2

Action                   |  1- 3 |  4- 6 |  7- 9 || total
-------------------------+-------+-------+-------++-------
Melee: War axe           |   164 |   123 |   112 ||   399
  Use: Scroll            |     4 |     1 |       ||     5
       Potion            |     1 |     1 |       ||     2
  Eat: Chunk             |     2 |     4 |     3 ||     9
